 Dungeon Crawl Stone Soup version 0.15.0-18-g9076a4f (webtiles) character file.

234 MDvedh the Vexing (level 5, 0/24 HPs)
             Began as a Spriggan Enchanter on Sept 7, 2014.
             Slain by a phantom (10 damage)
             ... on Level 4 of the Dungeon.
             The game lasted 00:08:32 (2981 turns).

MDvedh the Vexing (Spriggan Enchanter)              Turns: 2981, Time: 00:08:33

HP   0/24        AC  3     Str  4      XL: 5   Next: 75%
MP  11/16        EV 18     Int 17      God:
Gold 156         SH  0     Dex 17      Spells:  4 memorised,  0 levels left

rFire  . . .     SeeInvis +     s - +2 cutlass (venom)
rCold  + . .     Clarity  .     b - +1 robe
rNeg   . . .     rCorr    .     (shield restricted)
rPois  .         rRot     .     (helmet restricted)
rElec  .         Spirit   .     (no cloak)
SustAb .         Warding  .     (gloves unavailable)
rMut   .         Stasis   .     (boots unavailable)
Gourm  .                        (no amulet)
MR     .....                    q - ring of protection from cold
                                g - ring of stealth

@: very quick, not resistant to hostile enchantments, quite stealthy
A: unfitting armour, see invisible, herbivore 3, speed 3, slow metabolism 2
a: no special abilities


You were on level 4 of the Dungeon.
You were not hungry.

You visited 1 branch of the dungeon, and saw 4 of its levels.

You collected 156 gold pieces.

Inventory:

Hand weapons
 s - a +2 cutlass of venom (weapon)
Armour
 b - a +1 robe (worn)
Magical devices
 i - a wand of heal wounds (4) {unknown}
 l - a wand of draining (1)
Comestibles
 k - 2 bread rations
 n - 5 fruits
Scrolls
 e - a scroll of recharging {unknown}
 f - a scroll of noise {unknown}
 m - 3 scrolls of identify {unknown}
 o - a scroll of fear {unknown}
 p - a scroll of magic mapping {unknown}
 r - a scroll of enchant armour {unknown}
 t - a scroll of amnesia {unknown}
 u - a scroll of teleportation {unknown}
Jewellery
 g - a ring of stealth (left hand)
 q - a ring of protection from cold (right hand)
Potions
 a - a potion of resistance {unknown}
 d - a potion of porridge
 h - 2 potions of heal wounds {unknown}
 j - a potion of curing {unknown}
 v - 2 potions of haste {unknown}
Books
 c - a book of Maledictions

   Spells                             Type                      Level
   *Corona                            Hexes                        1
   Sure Blade                         Hexes/Charms                 2
   *Ensorcelled Hibernation           Hexes/Ice                    2
   *Confuse                           Hexes                        3
   Dazzling Spray                     Conjuration/Hexes            3
   *Enslavement                       Hexes                        4


   Skills:
 * Level 3.4 Short Blades
 - Level 3.0 Dodging
 + Level 5.6 Stealth
 - Level 3.2 Spellcasting
 - Level 6.0 Hexes


You couldn't memorise any spells.
You knew the following spells:

 Your Spells              Type           Power        Failure   Level  Hunger
a - Ensorcelled Hibernat  Hex/Ice        ##....       10%         2    ##.....
b - Corona                Hex            ###....      1%          1    None
c - Enslavement           Hex            ###.....     17%         4    ####...
f - Confuse               Hex            ###.....     6%          3    ###....


Dungeon Overview and Level Annotations

Branches:
Dungeon (4/15)
 Temple: D:4-7

Altars:
Makhleb
Nemelex Xobeh
Vehumet


Innate Abilities, Weirdness & Mutations

You are tiny and cannot use many weapons and most armour.
You have supernaturally acute eyesight.
You are a herbivore.
You cover ground extremely quickly.
You need consume almost no food.


Message History

The phantom barely misses you.
You closely miss the phantom.
The phantom is moderately damaged.
The phantom barely misses you.
You completely miss the phantom.
The phantom is moderately damaged.
The phantom barely misses you.
You puncture the phantom!
The phantom is heavily damaged.
The phantom completely misses you.
You hit the phantom.
The phantom is heavily damaged.
The phantom completely misses you.
You hit the phantom.
The phantom is severely damaged.
The phantom hits you!
The phantom blinks!
You closely miss the phantom.
The phantom is severely damaged.
The phantom hits you!
You die...

#. #.# #. #.# #.
#.# #.###.####
#....[...#
#.......# #
#.......##### ..
#..^.[......# #.
#...W@ยง.###.#
#. #.......# #.#
#. #####.......#
#.# #.##
#........####
#.# ..#
#.######## #.#
#.###.########
#.#
#.#..........#
#W#
###.....######.#
#.# ##.......#
#.##


You could see a phantom.

Vanquished Creatures
  A phantom (D:4)
  A worker ant (D:4)
  Ijyb (D:4)
  Terence (D:2)
  3 adders
  A giant mite (D:4)
  A worm (D:2)
  2 giant geckos
  4 orcs
  A ball python (D:3)
  7 bats
  2 giant cockroaches
  6 goblins
  8 hobgoblins
  2 jackals (D:1)
  10 kobolds
  2 oozes (D:2)
  A gnoll skeleton (D:4)
  6 rats
60 creatures vanquished.

Notes
Turn   | Place    | Note
--------------------------------------------------------------
     0 | D:1      | MDvedh, the Spriggan Enchanter, began the quest for the Orb.
     0 | D:1      | Reached XP level 1. HP: 9/9 MP: 4/4
   485 | D:1      | Reached XP level 2. HP: 13/13 MP: 8/8
   489 | D:1      | Learned a level 2 spell: Ensorcelled Hibernation
  1163 | D:2      | Reached XP level 3. HP: 16/16 MP: 2/11
  1168 | D:2      | Learned a level 3 spell: Confuse
  1307 | D:2      | Reached skill level 5 in Hexes
  1393 | D:2      | Noticed Terence
  1408 | D:2      | Killed Terence
  1877 | D:2      | Found a burning altar of Makhleb.
  1877 | D:2      | Found a radiant altar of Vehumet.
  1956 | D:2      | Reached XP level 4. HP: 18/21 MP: 10/13
  2228 | D:3      | Found a sparkling altar of Nemelex Xobeh.
  2318 | D:3      | Reached skill level 6 in Hexes
  2577 | D:4      | Noticed a phantom
  2596 | D:4      | Killed a phantom
  2596 | D:4      | Reached skill level 5 in Stealth
  2596 | D:4      | Reached XP level 5. HP: 22/24 MP: 6/16
  2730 | D:4      | Learned a level 4 spell: Enslavement
  2741 | D:4      | Noticed Ijyb
  2747 | D:4      | Killed Ijyb
  2759 | D:4      | Noticed a phantom
  2981 | D:4      | Slain by a phantom

Action                   |  1- 3 |  4- 6 || total
-------------------------+-------+-------++-------
Melee: Dagger            |    81 |       ||    81
       Short sword       |    55 |    36 ||    91
       Cutlass           |       |    30 ||    30
 Cast: Ensorcelled Hiber |    15 |    13 ||    28
       Confuse           |     2 |    11 ||    13
Evoke: Wand              |       |     1 ||     1
 Stab: Sleeping          |    15 |    14 ||    29
       Confused          |       |     3 ||     3
  Eat: Bread ration      |       |     1 ||     1
